AoeStats
← Lord_Devil

Arabia

509235914Analyzed
1v1 RM · 5d ago on Sep 26, 2026· 44m 51s· 2 players
Game mode
Random Map
Map size
Tiny (2 player)
Population
200
Speed
Normal
Resources
Standard
Victory
Conquest
Starting age
Dark Age
Ending age
Imperial Age
RankedLock teamsTeams togetherTeam positionsShared explorationLock speedFull tech treeHidden civsTurbo modeCheats
Victory
Defeat
🇦🇷 Saracens · Argentina
889
+18
🇺🇸 Varangians · United States
929
-18
zapata
3:13 Loom
10:17 Feudal Age
11:24 Man-at-Arms
11:57 Double-Bit Axe
15:05 Town Watch
16:18 Horse Collar
21:49 Castle Age
24:53 Bloodlines
24:43 Husbandry
26:02 Scale Barding Armor
28:25 Chain Barding Armor
29:43 Forging
33:01 Wheelbarrow
33:51 Fletching
34:45 Bow Saw
35:03 Hand Cart
35:36 Ballistics
37:06 Bodkin Arrow
37:52 Thumb Ring
38:07 Padded Archer Armor
41:58 Imperial Age
41:26 Masonry
41:48 Leather Archer Armor
42:16 Gold Mining
42:54 Bracer
43:36 Gold Shaft Mining
42:53 Light Cavalry
44:04 Parthian Tactics
43:09 Heavy Cavalry Archer
44:53 Chemistry
44:27 Ring Archer Armor
45:32 Conscription
Lord_Devil
2:33 Loom
12:20 Feudal Age
17:31 Castle Age
18:02 Forging
25:52 Double-Bit Axe
29:18 Wheelbarrow
30:35 Scale Mail Armor
31:44 Chain Mail Armor
32:29 Hand Cart
34:04 Squires
34:21 Arson
34:29 Horse Collar
39:31 Imperial Age
38:58 Fletching
39:37 Bloodlines
39:35 Scale Barding Armor
40:18 Husbandry
42:15 Gold Mining
44:05 Bow Saw
43:49 Stone Mining
Connection lost

Rejoining the realm…

Still unreachable

The connection could not be restored.

Session expired

The server has moved on; the page needs a fresh start.